 Dungeon Crawl Stone Soup version 0.30-a0-728-gc68057be0a (webtiles) character file.

Game seed: 10328103555743653608

407 jimonade the Sneak (level 6, -10/32 HPs)
             Began as a Vine Stalker Brigand on Jan 31, 2023.
             Mangled by Edmund
             ... wielding a +0 heavy dire flail
              (14 damage)
             ... on level 4 of the Dungeon.
             The game lasted 00:07:16 (3122 turns).

jimonade the Sneak (Vine Stalker Brigand)           Turns: 3122, Time: 00:07:17

Health: -10/32     AC:  7    Str: 13    XL:     6   Next: 88%
Magic:  0/7        EV: 12    Int: 11    God:
Gold:   153        SH:  0    Dex: 18    Spells: 5/5 levels left

rFire   . . .      SeeInvis .    a - +5 dagger
rCold   . . .      Faith    .    (no shield)
rNeg    . . .      Spirit   +    b - +0 robe
rPois   .          Reflect  .    A - +0 helmet
rElec   .          Harm     .    c - +0 cloak
rCorr   .          Rampage  .    t - +2 pair of gloves
Will    .....                    (no boots)
Stlth   +++                      p - amulet of regeneration
HPRegen 1.85/turn                n - ring of wizardry
MPRegen 0.10/turn                (no ring)

@: lethally poisoned (-10 -> -10)
A: fangs 2, regeneration 1, magic shield, antimagic bite, no potion heal 2
a: no special abilities


You were on level 4 of the Dungeon.
You visited 1 branch of the dungeon, and saw 4 of its levels.

You collected 153 gold pieces.

Inventory:

Hand Weapons
 a - a +5 dagger (weapon)
 q - a +2 dagger
 x - a +0 short sword of protection
Missiles
 d - 9 poisoned darts (quivered)
 e - 3 curare-tipped darts
Armour
 b - a +0 robe (worn)
 c - a +0 cloak (worn)
 j - a +0 chain mail
 t - a +2 pair of gloves (worn)
 A - a +0 helmet (worn)
Jewellery
 h - a ring of fire
 n - a ring of wizardry (left hand)
 p - an amulet of regeneration (around neck)
Wands
 o - a wand of iceblast (12)
Scrolls
 s - 2 scrolls of butterflies
 u - a scroll of enchant armour
Potions
 f - 4 potions of curing
 g - a potion of heal wounds {unknown}
 i - a potion of ambrosia
 k - a potion of lignification {unknown}
 l - 2 potions of brilliance
 m - a potion of mutation
 r - a potion of invisibility {unknown}
 v - 2 potions of magic {unknown}
 w - a potion of berserk rage {unknown}


   Skills:
 + Level 2.4 Fighting
 * Level 5.0 Short Blades
 + Level 2.1 Throwing
 + Level 1.8 Dodging
 + Level 6.2 Stealth


You had 5 spell levels left.
You didn't know any spells.
Your spell library contained the following spells:

 Spells                   Type           Power      Damage    Failure   Level
 Ensorcelled Hibernation  Hex/Ice        0%         N/A       21%         2
 Passwall                 Tmut/Erth      0%         N/A       21%         2
 Swiftness                Air            0%         N/A       38%         3
 Conjure Ball Lightning   Conj/Air       0%         3x3d6     100%        6
 Discord                  Hex            0%         N/A       100%        8
 Disjunction              Tloc           0%         N/A       100%        8


Dungeon Overview and Level Annotations

Branches:
Dungeon (4/15)
 Temple: D:4-7

Altars:
Fedhas
Hepliaklqana
Yredelemnul

Annotations:
D:2 Robin
D:4 Edmund


Innate Abilities, Weirdness & Mutations

You have extremely sharp teeth.
Your natural rate of healing is unusually fast.
When hurt, damage is shared between your health and your magic reserves.
Your bite disrupts and absorbs the magic of your enemies.
Potions cannot restore your health.


Message History

You hit Edmund.
Edmund is moderately wounded.
You feel sick.
The kobold throws a poisoned dart.
The poisoned dart hits you.
You are more poisoned.
The goblin misses you.
Edmund zaps a wand.
The puff of flame hits you but does no damage.
You hit Edmund. Your bite misses Edmund.
Edmund is moderately wounded.
You feel sick. The goblin hits you but does no damage.
You hit Edmund. Your bite misses Edmund.
Edmund is moderately wounded.
You feel sick.
Edmund hits you with a +0 heavy dire flail.
The kobold hits you with a +0 dagger. The goblin barely misses you.
You hit Edmund. You bite Edmund, but do no damage.
Edmund is heavily wounded.
You feel sick.
You completely miss Edmund. You bite Edmund. You drain his power.
You feel invigorated.
Edmund is heavily wounded.
You feel sick. The kobold closely misses you. The goblin closely misses you.
Edmund hits you with a +0 heavy dire flail!!
* * * LOW HITPOINT WARNING * * *
You hit Edmund but do no damage. Your bite misses Edmund.
Edmund is heavily wounded.
You feel sick. The kobold hits you but does no damage.
The goblin closely misses you.
You hit Edmund but do no damage.
Edmund is heavily wounded.
You feel sick. Edmund closely misses you.
You hit Edmund.
Edmund is heavily wounded.
You feel sick. The kobold hits you but does no damage. The goblin misses you.
You hit Edmund.
Edmund is severely wounded.
The kobold hits you with a +0 dagger.
* * * LOW HITPOINT WARNING * * *
The goblin hits you but does no damage.
Edmund hits you with a +0 heavy dire flail!
You die...

##...
#...##....## #
..... #...##.##.#
#...#+#....(.##.#
.........######.#
###....### #.#
##......### #..
#.........# ###
#.......#....
#...@g..# ###
##(@.K......
#.......####
.........#
###.........
##.....####
##...## #####


You could see Edmund, a goblin and a kobold.

Vanquished Creatures
  Grinder (D:3)
  Terence (D:2)
  3 gnolls (D:2)
  8 adders
  A dart slug (D:3)
  4 ball pythons
  4 bats
  9 endoplasms
  A giant cockroach (D:4)
  17 goblins
  8 hobgoblins
  5 kobolds
  5 quokkas
  4 frilled lizards
  21 rats
92 creatures vanquished.

Notes
Turn   | Place    | Note
-------+----------+-------------------------------------------
     0 | D:1      | jimonade the Vine Stalker Brigand began the quest for the
                  | Orb.
     0 | D:1      | Reached XP level 1. HP: 11/11 MP: 2/2
    59 | D:1      | Reached skill level 5 in Stealth
   116 | D:1      | Reached XP level 2. HP: 14/15 MP: 1/3
   711 | D:2      | Reached XP level 3. HP: 14/18 MP: 1/4
   955 | D:2      | Gained mutation: Your natural rate of healing is unusually
                  | fast. [Vine Stalker growth]
   955 | D:2      | Reached XP level 4. HP: 23/23 MP: 5/5
   976 | D:2      | Noticed Terence
   989 | D:2      | Noticed Robin
  1210 | D:2      | Reached skill level 6 in Stealth
  1248 | D:2      | Reached skill level 1 in Dodging
  1758 | D:2      | Killed Terence
  1759 | D:2      | Reached XP level 5. HP: 25/26 MP: 6/6
  2352 | D:3      | Found a blossoming altar of Fedhas.
  2393 | D:3      | Found a basalt altar of Yredelemnul.
  2397 | D:3      | Noticed Grinder
  2420 | D:3      | Paralysed by Grinder for 2 turns
  2431 | D:3      | Killed Grinder
  2432 | D:3      | Reached XP level 6. HP: 7/31 MP: 0/7
  2831 | D:3      | Reached skill level 5 in Short Blades
  3067 | D:4      | Found a hazy altar of Hepliaklqana.
  3099 | D:4      | Noticed Edmund
  3122 | D:4      | Mangled by Edmund

Illustrated notes

Levels and vault maps discovered:
D:1:      scummos_arrival_simple_fountains, layout_loops_cross
D:2:      layout_basic, uniq_robin, uniq_terence
D:3:      layout_rooms, fedhas_altar_2, mainiacjoe_overflow_boulevard,
          grunt_ministairs_8, minmay_rat_hole, uniq_grinder
D:4:      minmay_wonky_spiral, layout_rooms, kennysheep_mini_moat,
          overflow_temple_1_default, kennysheep_generic_room_15, uniq_edmund

Skill      XL: |  1  2  3  4  5  6 |
---------------+-------------------+-----
Stealth        | 5 6 |  6.2
Throwing       | 2 |  2.1
Short Blades   | 2 3 4 5 |  5.0
Dodging        | 1 |  1.8
Fighting       | 2 |  2.4

Action                     |  1- 3 |  4- 6 || total
---------------------------+-------+-------++-------
  Melee: Dagger            |    89 |   212 ||   301
         Bite              |    15 |    48 ||    63
         Punch             |       |     1 ||     1
  Throw: Dart              |     1 |       ||     1
    Use: Scroll            |       |    12 ||    12
   Stab: Sleeping          |     5 |    10 ||    15
 Armour: Robe              |    18 |    41 ||    59
  Dodge: Dodged            |    52 |   106 ||   158

Table legend: (Time is in decaauts)
 A = Elapsed time spent in this place.
 B = Non-inter-level travel time spent in this place.
 C = Inter-level travel time spent in this place.
 D = Time resting spent in this place.
 E = Time spent auto-exploring this place.
 F = Levels seen in this place.
 G = Mean time per level.
                   A        B        C        D        E       F      G
               +--------+--------+--------+--------+--------+-----+--------+
         Total |   3072 |   2929 |    143 |    544 |   1592 |   4 |  768.0 |
       Dungeon |   3072 |   2929 |    143 |    544 |   1592 |   4 |  768.0 |
               +--------+--------+--------+--------+--------+-----+--------+

Top non-repeatable levels by time:
     D:2: 1317 daAuts
     D:1: 973 daAuts
     D:3: 682 daAuts
     D:4: 98 daAuts
